 Dungeon Crawl Stone Soup version 0.23-a0-315-ga85b81c (webtiles) character file.

79 Amnesiac the Digger (level 4, -12/36 HPs)
             Began as a Deep Dwarf Earth Elementalist on Oct 13, 2018.
             Mangled by Edmund
             ... wielding a +2 dire flail of protection
              (13 damage)
             ... on level 4 of the Dungeon.
             The game lasted 00:04:13 (1032 turns).

Amnesiac the Digger (Deep Dwarf Earth Elementalist) Turns: 1032, Time: 00:04:14

Health: -12/36     AC:  3    Str: 12    XL:     4   Next: 16%
Magic:  2/7        EV: 12    Int: 16    God:
Gold:   62         SH:  0    Dex: 13    Spells: 0/7 levels left

rFire    . . .     SeeInvis .   h - -2 dagger (curse)
rCold    . . .     Gourm    .   (no shield)
rNeg     . . .     Faith    .   c - +0 robe
rPois    .         Spirit   .   (no helmet)
rElec    .         Reflect  .   g - +0 cloak
rCorr    .         Harm     .   (no gloves)
MR       .....                  (no boots)
Stlth    +++.......             (no amulet)
HPRegen  0.00/turn              (no ring)
MPRegen  0.10/turn              (no ring)

@: non-regenerating
A: damage resistance, heal wounds, sense surroundings 1, no regeneration
a: Heal Wounds


You were on level 4 of the Dungeon.
You were not hungry.

You visited 1 branch of the dungeon, and saw 5 of its levels.

You collected 62 gold pieces.

Inventory:

Hand Weapons
 h - a cursed -2 dagger (weapon)
 j - a +0 blowgun
Missiles
 b - 54 stones (quivered)
 i - 16 poisoned needles
Armour
 c - a +0 robe (worn)
 g - a +0 cloak (worn)
Scrolls
 e - a scroll of amnesia {!r}
 k - a scroll of enchant armour {!r, unknown}
Potions
 a - a potion of brilliance {!q, unknown}
 l - a potion of degeneration {!q, unknown}
 m - a potion of ambrosia {!q, unknown}
Comestibles
 d - 2 rations


   Skills:
 - Level 2.1 Dodging
 + Level 4.7 Stealth
 - Level 2.0 Spellcasting
 - Level 0.8 Transmutations
 - Level 5.0 Earth Magic


You couldn't memorise any spells.
You knew the following spells:

 Your Spells              Type           Power        Failure   Level  Hunger
a - Sandblast             Erth           ###...       2%          1    #......
b - Passwall              Tmut/Erth      ##......     10%         2    ###....
e - Petrify               Tmut/Erth      ##......     52%         4    #####..

Your spell library contained the following spells:

 Spells                   Type           Power        Failure   Level  Hunger
 Stone Arrow              Conj/Erth      #.....       22%         3    ###....
 Lee's Rapid Deconstruct  Erth           ###.......   58%         5    ######.


Dungeon Overview and Level Annotations

Branches:
Dungeon (5/15)
 Temple: D:4-7

Altars:
Cheibriados
Kikubaaqudgha

Annotations:
D:4 Edmund


Innate Abilities, Weirdness & Mutations

You are resistant to damage.
You can heal yourself by infusing magical energy.
You passively map a small area around you.
You do not regenerate.


Message History

Press: ? - help, Shift-Dir - straight line, f/p - Edmund
Aim: Edmund, wielding a dire flail of protection and wearing a scale mail You miscast Petrify.
You are very lightly contaminated with residual magic.
Your feet feel warm.
You are near starving!
Edmund barely misses you.
Edmund clears his throat.
Edmund says, "People think my brother is the best.
I think he's crazy."
Edmund says, "You wouldn't believe how much I paid for this flail."
Edmund says, "People accused me of being a cutpurse!"
Casting: Petrify (very dangerous; 52% risk of failure)
Confirm with . or Enter, or press ? or * to list all spells.
The spell is very dangerous to cast (52% risk of failure)!
Continue anyway? [Y]es or [N]o only, please.
The spell is very dangerous to cast (52% risk of failure)!
Continue anyway?
Aiming: Petrify (very dangerous; 52% risk of failure)
Press: ? - help, Shift-Dir - straight line, f/p - Edmund
Aim: Edmund, wielding a dire flail of protection and wearing a scale mail Edmund is moving more slowly.
You are starving!
Edmund hits you with a dire flail of protection!
* * * LOW HITPOINT WARNING * * *
You hit Edmund but do no damage. You hit Edmund but do no damage.
Edmund stops moving altogether!
The helpless Edmund fails to defend himself.
You puncture Edmund!
Edmund is lightly wounded.
The helpless Edmund fails to defend himself.
You puncture Edmund!
Edmund is moderately wounded.
The helpless Edmund fails to defend himself.
You hit Edmund but do no damage.
Edmund is moderately wounded.
The helpless Edmund fails to defend himself.
You hit Edmund.
Edmund is moderately wounded.
The helpless Edmund fails to defend himself.
You puncture Edmund!
Edmund is heavily wounded.
The helpless Edmund fails to defend himself.
You hit Edmund.
Edmund is heavily wounded.
The helpless Edmund fails to defend himself.
You hit Edmund.
Edmund is heavily wounded.
The helpless Edmund fails to defend himself.
You hit Edmund.
Edmund is heavily wounded.
The helpless Edmund fails to defend himself.
You hit Edmund.
Edmund is heavily wounded.
Unknown command.
The helpless Edmund fails to defend himself.
You puncture Edmund!
Edmund is severely wounded.
Edmund is no longer petrified.
Edmund hits you with a dire flail of protection.
* * * LOW HITPOINT WARNING * * *
Okay, then.
You eat one of the 3 rations.
That ration really hit the spot!
Your magical contamination has completely faded away.
Edmund hits you with a dire flail of protection!
You die...

### ##..............#...#..
#.## ##............####.....
##.### #............## #.....
##..###............# #.....
##...#............#####.>...
###.........######...##......<
#..........## ##...........
######...#.#########..........
##.....@@.........).....#
##...#######.............
#....#####............... ###
##...........####....##...
#.###....[.....### #...##....
#............### ##..####.#
#............## ##....##.#
#..####.......### #...###..#
#.####..........### #...# ##..


You could see Edmund.

Vanquished Creatures
  A scorpion (D:4)
  An adder (D:4)
  A shadow imp (D:4)
  An ooze (D:4)
  2 dart slugs (D:1)
  A giant cockroach (D:3)
  A bat (D:2)
  2 frilled lizards
  A kobold (D:3)
  A rat (D:1)
12 creatures vanquished.

Notes
Turn   | Place    | Note
-------+----------+-------------------------------------------
     0 | D:1      | Amnesiac the Deep Dwarf Earth Elementalist began the quest
                  | for the Orb.
     0 | D:1      | Reached XP level 1. HP: 15/15 MP: 3/3
   251 | D:3      | Reached XP level 2. HP: 22/22 MP: 1/5
   405 | D:4      | Found a snail-covered altar of Cheibriados.
   535 | D:4      | Reached XP level 3. HP: 28/28 MP: 4/6
   539 | D:4      | Learned a level 2 spell: Passwall
   684 | D:4      | Noticed a scorpion
   703 | D:4      | Killed a scorpion
   703 | D:4      | Reached skill level 5 in Earth Magic
   703 | D:4      | Reached XP level 4. HP: 33/36 MP: 3/7
   723 | D:4      | Found an ancient bone altar of Kikubaaqudgha.
   747 | D:4      | Noticed Edmund
   760 | D:4      | Learned a level 4 spell: Petrify
   874 | D:5      | Entered Level 5 of the Dungeon
   891 | D:5      | Noticed a sky beast
  1023 | D:4      | HP: 1/36 [Edmund/dire flail of protection (5)]
  1032 | D:4      | Mangled by Edmund

Vault maps used:
D:1:      saegor_arrival_fortress, minmay_tromino_v2
D:2:      grunt_ministairs_3, amethyst_killhole, minmay_misc_feat_cross,
          trog_book, uniq_jessica, uniq_natasha, uniq_robin
D:3:      nicolae_overflow_crystal_walls,
          chequers_temple_overflow_statue_of_worship, serial_bayou_pond_a
D:4:      kiku_gazebo_garden_becter, kennysheep_mini_moat, first_ration,
          minivault_25, nzn_random_ring, uniq_edmund
D:5:      fedhas_altar_2, kennysheep_little_box, uniq_ijyb

Skill      XL: |  1  2  3 |
---------------+----------+-----
Spellcasting   | 2 |  2.0
Stealth        | 3 4 |  4.7
Earth Magic    | 5 |  5.0
Dodging        | |  2.1
Transmutations | |  0.8

Action                   |  1- 3 |  4- 6 || total
-------------------------+-------+-------++-------
Melee: Dagger            |    15 |    12 ||    27
 Cast: Sandblast         |    16 |     1 ||    17
       Passwall          |     1 |       ||     1
       Petrify           |       |     1 ||     1
  Use: Scroll            |     1 |       ||     1
 Stab: Sleeping          |     1 |       ||     1
       Petrified         |       |    10 ||    10
  Eat: Ration            |       |     1 ||     1
Armor: Robe              |     4 |       ||     4
Dodge: Dodged            |    11 |     5 ||    16

Table legend:
 A = Non-vault XP
 B = Vault XP
 C = Vault XP percentage of total XP
 D = Non-vault monster count
 E = Vault monster count
 F = Vault count percentage of total count
                 A         B        C        D         E       F
            +---------+---------+-------+---------+---------+-------
      Total |     113 |       0 |   0.0 |      12 |       0 |   0.0
            +---------+---------+-------+---------+---------+-------
        D:1 |       9 |       0 |   0.0 |       3 |       0 |   0.0
        D:2 |       1 |       0 |   0.0 |       1 |       0 |   0.0
        D:3 |       4 |       0 |   0.0 |       3 |       0 |   0.0
        D:4 |      99 |       0 |   0.0 |       5 |       0 |   0.0
            +---------+---------+-------+---------+---------+-------
